 Dungeon Crawl Stone Soup version 0.23-a0-458-g93a6ea9 (webtiles) character file.

61 JeffiDaFish the Grave Robber (level 3, 0/19 HPs)
             Began as a Deep Elf Necromancer on Nov 25, 2018.
             Slain by a goblin
             ... wielding a +0 dagger
              (6 damage)
             ... on level 2 of the Dungeon.
             The game lasted 00:06:45 (2005 turns).

JeffiDaFish the Grave Robber (Deep Elf Necromancer) Turns: 2005, Time: 00:06:45

Health: 0/19       AC:  4    Str:  5    XL:     3   Next: 83%
Magic:  2/10       EV: 13    Int: 20    God:
Gold:   71         SH:  0    Dex: 15    Spells: 5/9 levels left

rFire    . . .     SeeInvis .   d - +0 dagger
rCold    . . .     Gourm    .   (no shield)
rNeg     . . .     Faith    .   a - +0 robe
rPois    .         Spirit   .   j - +2 hat
rElec    .         Reflect  .   (no cloak)
rCorr    .         Harm     .   (no gloves)
MR       .....                  (no boots)
Stlth    ++........             (no amulet)
HPRegen  0.06/turn              (no ring)
MPRegen  0.12/turn              (no ring)

@: no status effects
A: no striking features
a: no special abilities


You were on level 2 of the Dungeon.
You were not hungry.

You visited 1 branch of the dungeon, and saw 2 of its levels.

You collected 71 gold pieces.

Inventory:

Hand Weapons
 d - a +0 dagger (weapon)
 h - a +4 dagger of electrocution
 i - a +1 dagger of speed
Armour
 a - a +0 robe (worn)
 j - a +2 hat (worn)
Jewellery
 k - an uncursed ring of magical power {unknown}
Scrolls
 g - a scroll of teleportation
Potions
 e - 2 potions of curing
Comestibles
 c - 2 rations


   Skills:
 + Level 3.3 Dodging
 - Level 2.4 Stealth
 + Level 3.8 Spellcasting
 * Level 5.8 Necromancy


You had 5 spell levels left.
You knew the following spells:

 Your Spells              Type           Power        Failure   Level  Hunger
a - Pain                  Necr           ####         1%          1    None
b - Vampiric Draining     Necr           ####......   3%          3    ###....

Your spell library contained the following spells:

 Spells                   Type           Power        Failure   Level  Hunger
 Animate Skeleton         Necr           N/A          1%          1    None
 Regeneration             Chrm/Necr      ###.......   12%         3    ###....
 Animate Dead             Necr           N/A          12%         4    ####...


Dungeon Overview and Level Annotations

Branches:
Dungeon (2/15)

Altars:


Message History

The goblin shouts!
You see here 11 gold pieces.
You now have 71 gold pieces (gained 11).
The dart slug launches a dart at you. The slug dart hits you!
The goblin hits you but does no damage.
Found a stone staircase leading down.
You hit the goblin.
The goblin is moderately wounded.
The goblin barely misses you.
You hit the goblin.
The goblin is severely wounded.
The goblin hits you with a +0 dagger.
You hit the goblin but do no damage.
The goblin is severely wounded.
The goblin barely misses you.
You closely miss the goblin.
The goblin is severely wounded.
The goblin hits you with a +0 dagger.
You die...

..w.#......#
..........#
#.#.)....#
#....).#
#......#
#......#
##....##
####g# #@#
.>......#
#########


You could see a goblin.

Vanquished Creatures
  An adder (D:2)
  2 worms (D:2)
  2 dart slugs
  5 giant cockroaches
  5 goblins
  6 hobgoblins
  4 kobolds (D:1)
  A ball python (D:2)
  6 bats
  A frilled lizard (D:1)
  8 rats
41 creatures vanquished.

Notes
Turn   | Place    | Note
-------+----------+-------------------------------------------
     0 | D:1      | JeffiDaFish the Deep Elf Necromancer began the quest for
                  | the Orb.
     0 | D:1      | Reached XP level 1. HP: 10/10 MP: 6/6
   188 | D:1      | Reached skill level 5 in Necromancy
   308 | D:1      | Reached XP level 2. HP: 13/15 MP: 5/8
   599 | D:1      | Upgraded the game from 0.23-a0-455-ge12115f to
                  | 0.23-a0-458-g93a6ea9
  1249 | D:2      | Reached XP level 3. HP: 9/19 MP: 2/10
  1266 | D:2      | Learned a level 3 spell: Vampiric Draining
  2005 | D:2      | Slain by a goblin

Vault maps used:
D:1:      dpeg_arrival_prison, st_stairs_9
D:2:      minmay_alternating_diamond, uniq_sigmund

Skill      XL: |  1  2 |
---------------+-------+-----
Necromancy     | 5 |  5.8
Dodging        | 3 |  3.3
Stealth        | |  2.4
Spellcasting   | |  3.8

Action                   || total
-------------------------++-------
Melee: Dagger            ||    50
 Cast: Pain              ||    61
       Vampiric Draining ||     1
  Use: Scroll            ||     7
       Potion            ||     4
 Stab: Sleeping          ||     1
  Eat: Chunk             ||     3
Armor: Robe              ||    13
Dodge: Dodged            ||    39

Table legend:
 A = Non-vault XP
 B = Vault XP
 C = Vault XP percentage of total XP
 D = Non-vault monster count
 E = Vault monster count
 F = Vault count percentage of total count
                 A         B        C        D         E       F
            +---------+---------+-------+---------+---------+-------
      Total |      79 |       9 |  10.2 |      37 |       4 |   9.8
            +---------+---------+-------+---------+---------+-------
        D:1 |      21 |       9 |  30.0 |      14 |       4 |  22.2
        D:2 |      58 |       0 |   0.0 |      23 |       0 |   0.0
            +---------+---------+-------+---------+---------+-------
